Workbook
Name Hidden_1_Tabla_5839854: Hidden_1_Tabla_583985!$A$1:$A$1
Name Hidden_1_Tabla_5840124: Hidden_1_Tabla_584012!$A$1:$A$2
Name Hidden_1_Tabla_5840134: Hidden_1_Tabla_584013!$A$1:$A$2
Name Hidden_1_Tabla_5840144: Hidden_1_Tabla_584014!$A$1:$A$2
Name Hidden_1075: Hidden_10!$A$1:$A$3
Name Hidden_1176: Hidden_11!$A$1:$A$2
Name Hidden_13: Hidden_1!$A$1:$A$4
Name Hidden_24: Hidden_2!$A$1:$A$5
Name Hidden_35: Hidden_3!$A$1:$A$2
Name Hidden_47: Hidden_4!$A$1:$A$2
Name Hidden_525: Hidden_5!$A$1:$A$2
Name Hidden_629: Hidden_6!$A$1:$A$26
Name Hidden_733: Hidden_7!$A$1:$A$41
Name Hidden_840: Hidden_8!$A$1:$A$32
Name Hidden_968: Hidden_9!$A$1:$A$3

Sheet Reporte de Formatos
A1: 59695
A2: TÍTULO | D2: NOMBRE CORTO | G2: DESCRIPCIÓN
A3: Resultados de procedimientos de adjudicación directa, licitación pública e invitación restringida | D3: 28 LGT_Art_70_Fr_XXVIII | G3: La información que generen, relativa a los resultados de los procedimientos de licitación pública e invitación restringida, así como los equivalentes que realizan en términos de la normatividad correspondiente. La información a registrarse, es la que acredite que ha concluido el procedimiento, es decir cuando ya se tiene identificado al ganador, o en su caso si se declaró desierta.
A4: 1 | B4: 4 | C4: 4 | D4: 9 | E4: 9 | F4: 9 | G4: 1 | H4: 9 | I4: 2 | J4: 7 | K4: 10 | L4: 7 | M4: 4 | N4: 2 | O4: 10 | P4: 4 | Q4: 10 | R4: 10 | S4: 7 | T4: 7 | U4: 7 | V4: 7 | W4: 2 | X4: 2 | Y4: 2 | Z4: 9 | AA4: 2 | AB4: 10 | AC4: 1 | AD4: 9 | AE4: 1 | AF4: 1 | AG4: 1 | AH4: 9 | AI4: 2 | AJ4: 1 | AK4: 2 | AL4: 1 | AM4: 2 | AN4: 1 | AO4: 9 | AP4: 1 | AQ4: 2 | AR4: 2 | AS4: 2 | AT4: 2 | AU4: 2 | AV4: 2 | AW4: 2 | AX4: 2 | AY4: 1 | AZ4: 4 | BA4: 4 | BB4: 4 | BC4: 6 | BD4: 6 | BE4: 6 | BF4: 6 | BG4: 1 | BH4: 1 | BI4: 1 | BJ4: 2 | BK4: 6 | BL4: 4 | BM4: 4 | BN4: 7 | BO4: 7 | BP4: 10 | BQ4: 9 | BR4: 1 | BS4: 1 | BT4: 2 | BU4: 2 | BV4: 7 | BW4: 2 | BX4: 9 | BY4: 9 | BZ4: 10 | CA4: 2 | CB4: 7 | CC4: 7 | CD4: 7 | CE4: 7 | CF4: 7 | CG4: 2 | CH4: 13 | CI4: 14
A5: 583988 | B5: 584019 | C5: 584020 | D5: 584062 | E5: 584010 | F5: 584041 | G5: 583986 | H5: 583979 | I5: 583980 | J5: 583981 | K5: 583985 | L5: 584035 | M5: 584036 | N5: 583995 | O5: 584012 | P5: 584038 | Q5: 584013 | R5: 584014 | S5: 583987 | T5: 584039 | U5: 583983 | V5: 584063 | W5: 584028 | X5: 584021 | Y5: 584022 | Z5: 584040 | AA5: 584023 | AB5: 583982 | AC5: 584029 | AD5: 584042 | AE5: 584043 | AF5: 584044 | AG5: 584045 | AH5: 584046 | AI5: 584047 | AJ5: 584048 | AK5: 584049 | AL5: 584050 | AM5: 584051 | AN5: 584052 | AO5: 584053 | AP5: 584054 | AQ5: 584055 | AR5: 584056 | AS5: 584057 | AT5: 584058 | AU5: 584030 | AV5: 583993 | AW5: 583992 | AX5: 583994 | AY5: 583989 | AZ5: 583998 | BA5: 584059 | BB5: 584060 | BC5: 584002 | BD5: 584003 | BE5: 584001 | BF5: 584004 | BG5: 583991 | BH5: 583990 | BI5: 584031 | BJ5: 583996 | BK5: 584065 | BL5: 584000 | BM5: 583999 | BN5: 584007 | BO5: 584008 | BP5: 584015 | BQ5: 584018 | BR5: 584037 | BS5: 583984 | BT5: 584032 | BU5: 584024 | BV5: 584033 | BW5: 584034 | BX5: 584025 | BY5: 584011 | BZ5: 584016 | CA5: 583997 | CB5: 584005 | CC5: 584009 | CD5: 584006 | CE5: 584061 | CF5: 584064 | CG5: 584026 | CH5: 584017 | CI5: 584027
A6: Tabla Campos
A7: Ejercicio | B7: Fecha de inicio del periodo que se informa | C7: Fecha de término del periodo que se informa | D7: Tipo de procedimiento (catálogo) | E7: Materia o tipo de contratación (catálogo) | F7: Carácter del procedimiento (catálogo) | G7: Número de expediente, folio o nomenclatura | H7: Se declaró desierta la licitación pública (catálogo) | I7: Motivos y fundamentos legales aplicados para realizar el procedimiento | J7: Hipervínculo a la autorización o documento de suficiencia presupuestal | K7: Posibles licitantes, proveedora(e)s o contratistas Tabla_583985 | L7: Hipervínculo a la convocatoria o invitaciones emitidas | M7: Fecha de la convocatoria o invitación | N7: Descripción de las obras públicas, los bienes o los servicios contratados o arrendados | O7: Relación con los nombres de las personas físicas o morales que presentaron una proposición u oferta, o cotizaciones como parte de la investigación de mercado Tabla_584012 | P7: Fecha en la que se celebró la junta de aclaraciones | Q7: Relación con los nombres de las/los participantes en la junta de aclaraciones. En el caso de personas morales especificar su denominación o razón social Tabla_584013 | R7: Relación con los nombres de las personas servidoras públicas participantes en las juntas de aclaraciones Tabla_584014 | S7: Hipervínculo al(as) acta(s) de la(s) junta(s) de aclaraciones o al documento correspondiente. | T7: Hipervínculo al acta o documento donde conste la presentación y apertura de las propuestas | U7: Hipervínculo al (los) dictámenes base del fallo o documento(s) equivalente(s) | V7: Hipervínculo al acta de fallo adjudicatorio y a la resolución de asignación del contrato u oficio de notificación de adjudicación. | W7: Nombre(s) de la persona física ganadora, asignada o adjudicada | X7: Primer apellido de la persona física ganadora, asignada o adjudicada | Y7: Segundo apellido de la persona física ganadora, asignada o adjudicada | Z7: Sexo (catálogo) | AA7: Denominación o razón social | AB7: Nombre completo de la(s) persona(s) beneficiaria(s) final(es) Tabla_583982 | AC7: Registro Federal de Contribuyentes (RFC) de la persona física o moral contratista o proveedora ganadora, asignada o adjudicada | AD7: Domicilio fiscal de la empresa, persona contratista o proveedora. Tipo de vialidad (catálogo) | AE7: Domicilio fiscal de la empresa, persona contratista o proveedora. Nombre de vialidad | AF7: Domicilio fiscal de la empresa, persona contratista o proveedora. Número exterior | AG7: Domicilio fiscal de la empresa, persona contratista o proveedora. Número interior, en su caso | AH7: Domicilio fiscal de la empresa, persona contratista o proveedora. Tipo de asentamiento (catálogo) | AI7: Domicilio fiscal de la empresa, persona contratista o proveedora. Nombre del asentamiento | AJ7: Domicilio fiscal de la empresa, persona contratista o proveedora. Clave de la localidad | AK7: Domicilio fiscal de la empresa, persona contratista o proveedora. Nombre de la localidad | AL7: Domicilio fiscal de la empresa, persona contratista o proveedora. Clave del municipio | AM7: Domicilio fiscal de la empresa, persona contratista o proveedora. Nombre del municipio o delegación | AN7: Domicilio fiscal de la empresa, persona contratista o proveedora. Clave de la entidad federativa | AO7: Domicilio fiscal de la empresa, persona contratista o proveedora. Nombre de la entidad federativa (catálogo) | AP7: Domicilio fiscal de la empresa, persona contratista o proveedora. Código postal | AQ7: Domicilio en el extranjero de la empresa, persona contratista o proveedora ganadora. País | AR7: Domicilio en el extranjero de la empresa, persona contratista o proveedora ganadora. Ciudad | AS7: Domicilio en el extranjero de la empresa, persona contratista o proveedora ganadora. Calle | AT7: Domicilio en el extranjero de la empresa, persona contratista o proveedora ganadora. Número | AU7: Descripción breve de las razones que justifican la elección de la(s) persona(s) proveedora(s) o contratista(s) ganadora(s), asignada(s) o adjudicada(s) | AV7: Área(s) solicitante(s) de las obras públicas, el arrendamiento, la adquisición de bienes y/o la prestación de servicios | AW7: Área(s) contratante(s) | AX7: Área(s) responsable de su ejecución | AY7: Número que identifique al contrato | AZ7: Fecha del contrato expresada con el formato día/mes/año | BA7: Fecha de inicio de la vigencia del contrato (día/mes/año) | BB7: Fecha de término de la vigencia del contrato (día/mes/año) | BC7: Monto del contrato sin impuestos (en MXN) | BD7: Monto total del contrato con impuestos incluidos (MXN) | BE7: Monto mínimo, con impuestos incluidos, en su caso | BF7: Monto máximo, con impuestos incluidos, en su caso | BG7: Tipo de moneda | BH7: Tipo de cambio de referencia, en su caso | BI7: Forma de pago | BJ7: Objeto del contrato | BK7: Monto total de las garantías y/o contragarantías que, en su caso, se hubieren otorgado durante el procedimiento respectivo. | BL7: Fecha de inicio del plazo de entrega o ejecución | BM7: Fecha de término del plazo de entrega o ejecución | BN7: Hipervínculo al documento del contrato y sus anexos, en versión pública si así corresponde. | BO7: Hipervínculo al comunicado de suspensión,rescisión o terminación anticipada del contrato, en su caso | BP7: Partida presupuestal de acuerdo con el COG Tabla_584015 | BQ7: Origen de los recursos públicos (catálogo) | BR7: Fuente de financiamiento | BS7: Tipo de fondo de participación o aportación respectiva | BT7: Lugar donde se realizará la obra pública, en su caso | BU7: Breve descripción de la obra pública, en su caso | BV7: Hipervínculo a los estudios de impacto urbano y ambiental, en su caso, hay que señalar que no se realizaron. | BW7: Observaciones dirigidas a la población relativas a la realización de las obras públicas, en su caso | BX7: Etapa de la obra pública y/o servicio de la misma (catálogo) | BY7: Se realizaron convenios y/o contratos modificatorios (catálogo): | BZ7: Convenios modificatorios Tabla_584016 | CA7: Mecanismos de vigilancia y supervisión de la ejecución, en su caso | CB7: Hipervínculo a informes de avances físicos, si así corresponde | CC7: Hipervínculo a los informes de avance financiero, si así corresponde | CD7: Hipervínculo al acta de recepción física de los trabajos ejecutados u homóloga, en su caso | CE7: Hipervínculo al finiquito, contrato sin efectos concluido con anticipación o informe de resultados, en su caso | CF7: Hipervínculo a la factura o documento que cumpla con requisitos fiscales. | CG7: Área(s) responsable(s) que genera(n), posee(n), publica(n) y actualizan la información | CH7: Fecha de actualización | CI7: Nota
A8: 2025 | B8: 45962 | C8: 45991 | D8: Adjudicación directa | E8: Arrendamientos | F8: Nacional | G8: MC/DSM/FFM/054/2025 | H8: No | I8: El Departamento Desarrollo Social Ramo 33 del Municipio de Cedral, S.L.P., Al periodo reportado no se ejerció el programa, obra o acción por lo que no cuenta con los informes presenciales por lo anterior se le hace de su conocimiento que no existe informa | J8: http://www.cegaipslp.org.mx/HV2025.nsf/nombre_de_la_vista/3548F7FB7B2EE0D206258D5D002022CE/$File/NOVIEMBRE++2025.pdf | K8: 1 | L8: http://www.cegaipslp.org.mx/HV2025.nsf/nombre_de_la_vista/3548F7FB7B2EE0D206258D5D002022CE/$File/NOVIEMBRE++2025.pdf | M8: 45962 | N8: ARRENDAMIENTO DE PIPA PARA DOTACION DE AGUA POTABLE EN LA CABECERA MUNICIPAL Y DIFERENTES COMUNIDADES DE CEDRAL, S.L.P. | O8: 1 | P8: 45962 | Q8: 1 | R8: 1 | S8: http://www.cegaipslp.org.mx/HV2025.nsf/nombre_de_la_vista/3548F7FB7B2EE0D206258D5D002022CE/$File/NOVIEMBRE++2025.pdf | T8: http://www.cegaipslp.org.mx/HV2025.nsf/nombre_de_la_vista/3548F7FB7B2EE0D206258D5D002022CE/$File/NOVIEMBRE++2025.pdf | U8: http://www.cegaipslp.org.mx/HV2025.nsf/nombre_de_la_vista/3548F7FB7B2EE0D206258D5D002022CE/$File/NOVIEMBRE++2025.pdf | V8: http://www.cegaipslp.org.mx/HV2025.nsf/nombre_de_la_vista/3548F7FB7B2EE0D206258D5D002022CE/$File/NOVIEMBRE++2025.pdf | W8: CRISTIAN IVAN | X8: RODRIGUEZ | Y8: CARREON | Z8: Hombre | AA8: CRISTIAN IVAN RODRIGUEZ CARREON | AB8: CRISTIAN IVAN RODRIGUEZ CARREON | AC8: ROCC830223DTA | AD8: Calle | AE8: JULIAN CARRILLO | AF8: 601 | AG8: 0 | AH8: Colonia | AI8: SAN JOSE | AJ8: 24 | AK8: SAN LUIS POTOSI | AL8: 24 | AM8: SAN LUIS POTOSI | AN8: 24 | AO8: San Luis Potosí | AP8: 78783 | AQ8: NO SE GENERO | AR8: NO SE GENERO | AS8: NO SE GENERO | AT8: NO SE GENERO | AU8: PRESENTO MEJOR PROPUESTA Y CONOCE PLENAMENTE EL CONTENIDO Y ALCANCES DE LAS DISPOSICIONES DEL CONTRATO | AV8: COORDINACION DE DESARROLLO SOCIAL RAMO 33 | AW8: COORDINACION DE DESARROLLO SOCIAL RAMO 33 | AX8: COORDINACION DE DESARROLLO SOCIAL RAMO 33 | AY8: =G8 -> MC/DSM/FFM/054/2025 | AZ8: =M8 -> 45962 | BA8: =M8 -> 45962 | BB8: 45991 | BC8: 85775.86 | BD8: =(BC8*1.16) -> 99499.998 | BE8: =(BD8) -> 99499.998 | BF8: =(BE8) -> 99499.998 | BG8: PESOS | BH8: NACIONAL | BI8: TRANFERENCIA | BJ8: OBRA PUBLICA Y SERVICIOS RELACIONADOS | BK8: 0 | BL8: =BA8 -> 45962 | BM8: =BB8 -> 45991 | BN8: http://www.cegaipslp.org.mx/HV2025.nsf/nombre_de_la_vista/8C54AA6AE854453706258D5D0021D342/$File/054+CONTRATO+PIPA+MES+DE+NOVIEMBRECRISTIAN.pdf | BO8: http://www.cegaipslp.org.mx/HV2025.nsf/nombre_de_la_vista/3548F7FB7B2EE0D206258D5D002022CE/$File/NOVIEMBRE++2025.pdf | BP8: 1 | BQ8: Municipales | BR8: RAMO 33 | BS8: FONDO PARA EL FORTALECIMIENTO MUNCIPAL | BT8: MUNICIPIO DE CEDRAL | BU8: =N8 -> ARRENDAMIENTO DE PIPA PARA DOTACION DE AGUA POTABLE EN LA CABECERA MUNICIPAL Y DIFERENTES COMUNIDADES DE CEDRAL, S.L.P. | BV8: http://www.cegaipslp.org.mx/HV2025.nsf/nombre_de_la_vista/3548F7FB7B2EE0D206258D5D002022CE/$File/NOVIEMBRE++2025.pdf | BW8: NO SE GENERO | BX8: En finiquito | BY8: No | BZ8: 1 | CA8: NO SE GENERO | CB8: http://www.cegaipslp.org.mx/HV2025.nsf/nombre_de_la_vista/3548F7FB7B2EE0D206258D5D002022CE/$File/NOVIEMBRE++2025.pdf | CC8: http://www.cegaipslp.org.mx/HV2025.nsf/nombre_de_la_vista/3548F7FB7B2EE0D206258D5D002022CE/$File/NOVIEMBRE++2025.pdf | CD8: http://www.cegaipslp.org.mx/HV2025.nsf/nombre_de_la_vista/3548F7FB7B2EE0D206258D5D002022CE/$File/NOVIEMBRE++2025.pdf | CE8: http://www.cegaipslp.org.mx/HV2025.nsf/nombre_de_la_vista/3548F7FB7B2EE0D206258D5D002022CE/$File/NOVIEMBRE++2025.pdf | CF8: http://www.cegaipslp.org.mx/HV2025.nsf/nombre_de_la_vista/3548F7FB7B2EE0D206258D5D002022CE/$File/NOVIEMBRE++2025.pdf | CG8: COORDINACION DE DESARROLLO SOCIAL RAMO 33 | CH8: 46001 | CI8: NINGUNA
A9: 2025 | B9: 45962 | C9: 45991 | D9: Adjudicación directa | E9: Servicios relacionados con obra pública | F9: Nacional | G9: MC/DSM/FISM/055/2025 | H9: No | I9: El Departamento Desarrollo Social Ramo 33 del Municipio de Cedral, S.L.P., Al periodo reportado no se ejerció el programa, obra o acción por lo que no cuenta con los informes presenciales por lo anterior se le hace de su conocimiento que no existe informa | J9: http://www.cegaipslp.org.mx/HV2025.nsf/nombre_de_la_vista/3548F7FB7B2EE0D206258D5D002022CE/$File/NOVIEMBRE++2025.pdf | K9: 2 | L9: http://www.cegaipslp.org.mx/HV2025.nsf/nombre_de_la_vista/3548F7FB7B2EE0D206258D5D002022CE/$File/NOVIEMBRE++2025.pdf | M9: 45950 | N9: CONSTRUCCION DE LOCALES COMERCIALES EN LA EXPLANADA DEL MERCADO MIGUEL HIDALGO DE LA CABECERA MUNCIPAL DE CEDRAL, S.L.P. | O9: 2 | P9: 45950 | Q9: 2 | R9: 2 | S9: http://www.cegaipslp.org.mx/HV2025.nsf/nombre_de_la_vista/3548F7FB7B2EE0D206258D5D002022CE/$File/NOVIEMBRE++2025.pdf | T9: http://www.cegaipslp.org.mx/HV2025.nsf/nombre_de_la_vista/3548F7FB7B2EE0D206258D5D002022CE/$File/NOVIEMBRE++2025.pdf | U9: http://www.cegaipslp.org.mx/HV2025.nsf/nombre_de_la_vista/3548F7FB7B2EE0D206258D5D002022CE/$File/NOVIEMBRE++2025.pdf | V9: http://www.cegaipslp.org.mx/HV2025.nsf/nombre_de_la_vista/3548F7FB7B2EE0D206258D5D002022CE/$File/NOVIEMBRE++2025.pdf | W9: JOSE FRANCISCO | X9: TORRES | Y9: CHARQUEÑO | Z9: Hombre | AA9: GRUPO CONSTRUCTOR ONCE M, S.A. DE C.V. | AB9: JOSE FRANCISCO TORRES CHARQUEÑO | AC9: GCO220516MT2 | AD9: Calle | AE9: BREZOS | AF9: 124 | AG9: 0 | AH9: Colonia | AI9: DALIAS DEL LLANO | AJ9: 24 | AK9: SAN LUIS POTOSI | AL9: 24 | AM9: SAN LUIS POTOSI | AN9: 24 | AO9: San Luis Potosí | AP9: 78377 | AQ9: NO SE GENERO | AR9: NO SE GENERO | AS9: NO SE GENERO | AT9: NO SE GENERO | AU9: PRESENTO MEJOR PROPUESTA Y CONOCE PLENAMENTE EL CONTENIDO Y ALCANCES DE LAS DISPOSICIONES DEL CONTRATO | AV9: COORDINACION DE DESARROLLO SOCIAL RAMO 33 | AW9: COORDINACION DE DESARROLLO SOCIAL RAMO 33 | AX9: COORDINACION DE DESARROLLO SOCIAL RAMO 33 | AY9: =G9 -> MC/DSM/FISM/055/2025 | AZ9: =M9 -> 45950 | BA9: =M9 -> 45950 | BB9: 45972 | BC9: 1453261.8 | BD9: =(BC9*1.16) -> 1685783.7 | BE9: =(BD9) -> 1685783.7 | BF9: =(BE9) -> 1685783.7 | BG9: PESOS | BH9: NACIONAL | BI9: TRANFERENCIA | BJ9: OBRA PUBLICA Y SERVICIOS RELACIONADOS | BK9: 0 | BL9: =BA9 -> 45950 | BM9: =BB9 -> 45972 | BN9: http://www.cegaipslp.org.mx/HV2025.nsf/nombre_de_la_vista/04D01C4EB2073CE606258D5D0021E573/$File/055.-+CONTRALO+LOCALES+COMERCIALES+GRUPO+CONSTRUCTOR+ONCE+M.pdf | BO9: http://www.cegaipslp.org.mx/HV2025.nsf/nombre_de_la_vista/3548F7FB7B2EE0D206258D5D002022CE/$File/NOVIEMBRE++2025.pdf | BP9: 2 | BQ9: Municipales | BR9: RAMO 33 | BS9: FONDO PARA LA INFRAESTRUCTURA SOCIAL MUNCIPAL | BT9: MUNICIPIO DE CEDRAL | BU9: =N9 -> CONSTRUCCION DE LOCALES COMERCIALES EN LA EXPLANADA DEL MERCADO MIGUEL HIDALGO DE LA CABECERA MUNCIPAL DE CEDRAL, S.L.P. | BV9: http://www.cegaipslp.org.mx/HV2025.nsf/nombre_de_la_vista/3548F7FB7B2EE0D206258D5D002022CE/$File/NOVIEMBRE++2025.pdf | BW9: NO SE GENERO | BX9: En finiquito | BY9: No | BZ9: 2 | CA9: NO SE GENERO | CB9: http://www.cegaipslp.org.mx/HV2025.nsf/nombre_de_la_vista/3548F7FB7B2EE0D206258D5D002022CE/$File/NOVIEMBRE++2025.pdf | CC9: http://www.cegaipslp.org.mx/HV2025.nsf/nombre_de_la_vista/3548F7FB7B2EE0D206258D5D002022CE/$File/NOVIEMBRE++2025.pdf | CD9: http://www.cegaipslp.org.mx/HV2025.nsf/nombre_de_la_vista/3548F7FB7B2EE0D206258D5D002022CE/$File/NOVIEMBRE++2025.pdf | CE9: http://www.cegaipslp.org.mx/HV2025.nsf/nombre_de_la_vista/3548F7FB7B2EE0D206258D5D002022CE/$File/NOVIEMBRE++2025.pdf | CF9: http://www.cegaipslp.org.mx/HV2025.nsf/nombre_de_la_vista/3548F7FB7B2EE0D206258D5D002022CE/$File/NOVIEMBRE++2025.pdf | CG9: COORDINACION DE DESARROLLO SOCIAL RAMO 33 | CH9: 46001 | CI9: NINGUNA
A10: 2025 | B10: 45962 | C10: 45991 | D10: Adjudicación directa | E10: Servicios relacionados con obra pública | F10: Nacional | G10: MC/DSM/FISM/056/2025 | H10: No | I10: El Departamento Desarrollo Social Ramo 33 del Municipio de Cedral, S.L.P., Al periodo reportado no se ejerció el programa, obra o acción por lo que no cuenta con los informes presenciales por lo anterior se le hace de su conocimiento que no existe informa | J10: http://www.cegaipslp.org.mx/HV2025.nsf/nombre_de_la_vista/3548F7FB7B2EE0D206258D5D002022CE/$File/NOVIEMBRE++2025.pdf | K10: 3 | L10: http://www.cegaipslp.org.mx/HV2025.nsf/nombre_de_la_vista/3548F7FB7B2EE0D206258D5D002022CE/$File/NOVIEMBRE++2025.pdf | M10: 45950 | N10: AMPLIACION DE LINEA Y RED DE DISTRIBUCION ELECTRICA, CALLE MEXICO COL. EL TEJOCOTE, CABCECERA MUNICIPAL DE CEDRAL, S.L.P. | O10: 3 | P10: 45950 | Q10: 3 | R10: 3 | S10: http://www.cegaipslp.org.mx/HV2025.nsf/nombre_de_la_vista/3548F7FB7B2EE0D206258D5D002022CE/$File/NOVIEMBRE++2025.pdf | T10: http://www.cegaipslp.org.mx/HV2025.nsf/nombre_de_la_vista/3548F7FB7B2EE0D206258D5D002022CE/$File/NOVIEMBRE++2025.pdf | U10: http://www.cegaipslp.org.mx/HV2025.nsf/nombre_de_la_vista/3548F7FB7B2EE0D206258D5D002022CE/$File/NOVIEMBRE++2025.pdf | V10: http://www.cegaipslp.org.mx/HV2025.nsf/nombre_de_la_vista/3548F7FB7B2EE0D206258D5D002022CE/$File/NOVIEMBRE++2025.pdf | W10: JORGE | X10: ACUÑA | Y10: DEL CASTILLO | Z10: Hombre | AA10: JORMAT DE SAN LUIS CONSTRUCCIONES S.A. DE C.V. | AB10: JORGE ACUÑA DEL CASTILLO | AC10: JSL221107996 | AD10: Calle | AE10: RICARDO CASTRO | AF10: 103 | AG10: 0 | AH10: Colonia | AI10: JARDINES DEL ESTADIO | AJ10: 24 | AK10: SAN LUIS POTOSI | AL10: 24 | AM10: SAN LUIS POTOSI | AN10: 24 | AO10: San Luis Potosí | AP10: 78280 | AQ10: NO SE GENERO | AR10: NO SE GENERO | AS10: NO SE GENERO | AT10: NO SE GENERO | AU10: PRESENTO MEJOR PROPUESTA Y CONOCE PLENAMENTE EL CONTENIDO Y ALCANCES DE LAS DISPOSICIONES DEL CONTRATO | AV10: COORDINACION DE DESARROLLO SOCIAL RAMO 33 | AW10: COORDINACION DE DESARROLLO SOCIAL RAMO 33 | AX10: COORDINACION DE DESARROLLO SOCIAL RAMO 33 | AY10: =G10 -> MC/DSM/FISM/056/2025 | AZ10: =M10 -> 45950 | BA10: =M10 -> 45950 | BB10: 45973 | BC10: 626357.1 | BD10: =(BC10*1.16) -> 726574.24 | BE10: =BD10 -> 726574.24 | BF10: =BD10 -> 726574.24 | BG10: PESOS | BH10: NACIONAL | BI10: TRANFERENCIA | BJ10: OBRA PUBLICA Y SERVICIOS RELACIONADOS | BK10: 0 | BL10: =BA10 -> 45950 | BM10: =BB10 -> 45973 | BN10: http://www.cegaipslp.org.mx/HV2025.nsf/nombre_de_la_vista/7C7E7C62F39ABCEA06258D5D0021F1E3/$File/056+electrificacion+CALLE+MEXICO++JORMAT.pdf | BO10: http://www.cegaipslp.org.mx/HV2025.nsf/nombre_de_la_vista/3548F7FB7B2EE0D206258D5D002022CE/$File/NOVIEMBRE++2025.pdf | BP10: 3 | BQ10: Municipales | BR10: RAMO 33 | BS10: FONDO PARA LA INFRAESTRUCTURA SOCIAL MUNICIPAL | BT10: MUNICIPIO DE CEDRAL | BU10: AMPLIACION DE LINEA Y RED DE DISTRIBUCION ELECTRICA, CALLE MEXICO COL. EL TEJOCOTE, CABECERA MUNCIPAL DE CEDRAL, S.L.P. | BV10: http://www.cegaipslp.org.mx/HV2025.nsf/nombre_de_la_vista/3548F7FB7B2EE0D206258D5D002022CE/$File/NOVIEMBRE++2025.pdf | BW10: NO SE GENERO | BX10: En finiquito | BY10: No | BZ10: 3 | CA10: NO SE GENERO | CB10: http://www.cegaipslp.org.mx/HV2025.nsf/nombre_de_la_vista/3548F7FB7B2EE0D206258D5D002022CE/$File/NOVIEMBRE++2025.pdf | CC10: http://www.cegaipslp.org.mx/HV2025.nsf/nombre_de_la_vista/3548F7FB7B2EE0D206258D5D002022CE/$File/NOVIEMBRE++2025.pdf | CD10: http://www.cegaipslp.org.mx/HV2025.nsf/nombre_de_la_vista/3548F7FB7B2EE0D206258D5D002022CE/$File/NOVIEMBRE++2025.pdf | CE10: http://www.cegaipslp.org.mx/HV2025.nsf/nombre_de_la_vista/3548F7FB7B2EE0D206258D5D002022CE/$File/NOVIEMBRE++2025.pdf | CF10: http://www.cegaipslp.org.mx/HV2025.nsf/nombre_de_la_vista/3548F7FB7B2EE0D206258D5D002022CE/$File/NOVIEMBRE++2025.pdf | CG10: COORDINACION DE DESARROLLO SOCIAL RAMO 33 | CH10: 46001 | CI10: NINGUNA
A11: 2025 | B11: 45962 | C11: 45991 | D11: Adjudicación directa | E11: Servicios relacionados con obra pública | F11: Nacional | G11: MC/DSM/FISM/057/2025 | H11: No | I11: El Departamento Desarrollo Social Ramo 33 del Municipio de Cedral, S.L.P., Al periodo reportado no se ejerció el programa, obra o acción por lo que no cuenta con los informes presenciales por lo anterior se le hace de su conocimiento que no existe informa | J11: http://www.cegaipslp.org.mx/HV2025.nsf/nombre_de_la_vista/3548F7FB7B2EE0D206258D5D002022CE/$File/NOVIEMBRE++2025.pdf | K11: 4 | L11: http://www.cegaipslp.org.mx/HV2025.nsf/nombre_de_la_vista/3548F7FB7B2EE0D206258D5D002022CE/$File/NOVIEMBRE++2025.pdf | M11: 45950 | N11: AMPLIACION DE LINEA Y RED DE DISTRIBUCION ELECTRICA, PRIVADA SANTA LUCIA, COLONIA SANTA FE, CABCECERA MUNICIPAL DE CEDRAL, S.L.P. | O11: 4 | P11: 45950 | Q11: 4 | R11: 4 | S11: http://www.cegaipslp.org.mx/HV2025.nsf/nombre_de_la_vista/3548F7FB7B2EE0D206258D5D002022CE/$File/NOVIEMBRE++2025.pdf | T11: http://www.cegaipslp.org.mx/HV2025.nsf/nombre_de_la_vista/3548F7FB7B2EE0D206258D5D002022CE/$File/NOVIEMBRE++2025.pdf | U11: http://www.cegaipslp.org.mx/HV2025.nsf/nombre_de_la_vista/3548F7FB7B2EE0D206258D5D002022CE/$File/NOVIEMBRE++2025.pdf | V11: http://www.cegaipslp.org.mx/HV2025.nsf/nombre_de_la_vista/3548F7FB7B2EE0D206258D5D002022CE/$File/NOVIEMBRE++2025.pdf | W11: EDGAR | X11: GARCIA | Y11: LOPEZ | Z11: Hombre | AA11: EDGAR GARCIA LOPEZ | AB11: EDGAR GARCIA LOPEZ | AC11: GALE940212SA2 | AD11: Calle | AE11: SIN NOMBRE | AF11: 0 | AG11: 0 | AH11: Ejido | AI11: ZAMARRIPA | AJ11: 7 | AK11: CEDRAL | AL11: 7 | AM11: CEDRAL | AN11: 24 | AO11: San Luis Potosí | AP11: 78534 | AQ11: NO SE GENERO | AR11: NO SE GENERO | AS11: NO SE GENERO | AT11: NO SE GENERO | AU11: PRESENTO MEJOR PROPUESTA Y CONOCE PLENAMENTE EL CONTENIDO Y ALCANCES DE LAS DISPOSICIONES DEL CONTRATO | AV11: COORDINACION DE DESARROLLO SOCIAL RAMO 33 | AW11: COORDINACION DE DESARROLLO SOCIAL RAMO 33 | AX11: COORDINACION DE DESARROLLO SOCIAL RAMO 33 | AY11: =G11 -> MC/DSM/FISM/057/2025 | AZ11: =M11 -> 45950 | BA11: =M11 -> 45950 | BB11: 45973 | BC11: 329595.74 | BD11: =(BC11*1.16) -> 382331.06 | BE11: =BD11 -> 382331.06 | BF11: =BD11 -> 382331.06 | BG11: PESOS | BH11: NACIONAL | BI11: TRANFERENCIA | BJ11: OBRA PUBLICA Y SERVICIOS RELACIONADOS | BK11: 0 | BL11: =BA11 -> 45950 | BM11: =BB11 -> 45973 | BN11: http://www.cegaipslp.org.mx/HV2025.nsf/nombre_de_la_vista/B5C6C203911543AE06258D5D0021FE58/$File/057+CONTRATO+ELEC.+PRIV.+STA+LUCIA+EDGAR.pdf | BO11: http://www.cegaipslp.org.mx/HV2025.nsf/nombre_de_la_vista/3548F7FB7B2EE0D206258D5D002022CE/$File/NOVIEMBRE++2025.pdf | BP11: 4 | BQ11: Municipales | BR11: RAMO 33 | BS11: FONDO PARA LA INFRAESTRUCTURA SOCIAL MUNICIPAL | BT11: MUNICIPIO DE CEDRAL | BU11: =N11 -> AMPLIACION DE LINEA Y RED DE DISTRIBUCION ELECTRICA, PRIVADA SANTA LUCIA, COLONIA SANTA FE, CABCECERA MUNICIPAL DE CEDRAL, S.L.P. | BV11: http://www.cegaipslp.org.mx/HV2025.nsf/nombre_de_la_vista/3548F7FB7B2EE0D206258D5D002022CE/$File/NOVIEMBRE++2025.pdf | BW11: NO SE GENERO | BX11: En finiquito | BY11: No | BZ11: 4 | CA11: NO SE GENERO | CB11: http://www.cegaipslp.org.mx/HV2025.nsf/nombre_de_la_vista/3548F7FB7B2EE0D206258D5D002022CE/$File/NOVIEMBRE++2025.pdf | CC11: http://www.cegaipslp.org.mx/HV2025.nsf/nombre_de_la_vista/3548F7FB7B2EE0D206258D5D002022CE/$File/NOVIEMBRE++2025.pdf | CD11: http://www.cegaipslp.org.mx/HV2025.nsf/nombre_de_la_vista/3548F7FB7B2EE0D206258D5D002022CE/$File/NOVIEMBRE++2025.pdf | CE11: http://www.cegaipslp.org.mx/HV2025.nsf/nombre_de_la_vista/3548F7FB7B2EE0D206258D5D002022CE/$File/NOVIEMBRE++2025.pdf | CF11: http://www.cegaipslp.org.mx/HV2025.nsf/nombre_de_la_vista/3548F7FB7B2EE0D206258D5D002022CE/$File/NOVIEMBRE++2025.pdf | CG11: COORDINACION DE DESARROLLO SOCIAL RAMO 33 | CH11: 46001 | CI11: NINGUNA
A12: 2025 | B12: 45962 | C12: 45991 | D12: Adjudicación directa | E12: Arrendamientos | F12: Nacional | G12: MC/DSM/FFM/058/2025 | H12: No | I12: El Departamento Desarrollo Social Ramo 33 del Municipio de Cedral, S.L.P., Al periodo reportado no se ejerció el programa, obra o acción por lo que no cuenta con los informes presenciales por lo anterior se le hace de su conocimiento que no existe informa | J12: http://www.cegaipslp.org.mx/HV2025.nsf/nombre_de_la_vista/3548F7FB7B2EE0D206258D5D002022CE/$File/NOVIEMBRE++2025.pdf | K12: 5 | L12: http://www.cegaipslp.org.mx/HV2025.nsf/nombre_de_la_vista/3548F7FB7B2EE0D206258D5D002022CE/$File/NOVIEMBRE++2025.pdf | M12: 45974 | N12: ARRENDAMIENTO DE MAQUINARIA "RETROEXCAVADORA" PARA UTILIZAR EN EL MANTENIMIENTO DEL RELLENO SANITARIO MUNICIPAL SEGUNDA ETAPA | O12: 5 | P12: 45974 | Q12: 5 | R12: 5 | S12: http://www.cegaipslp.org.mx/HV2025.nsf/nombre_de_la_vista/3548F7FB7B2EE0D206258D5D002022CE/$File/NOVIEMBRE++2025.pdf | T12: http://www.cegaipslp.org.mx/HV2025.nsf/nombre_de_la_vista/3548F7FB7B2EE0D206258D5D002022CE/$File/NOVIEMBRE++2025.pdf | U12: http://www.cegaipslp.org.mx/HV2025.nsf/nombre_de_la_vista/3548F7FB7B2EE0D206258D5D002022CE/$File/NOVIEMBRE++2025.pdf | V12: http://www.cegaipslp.org.mx/HV2025.nsf/nombre_de_la_vista/3548F7FB7B2EE0D206258D5D002022CE/$File/NOVIEMBRE++2025.pdf | W12: TIARA YAZMIN | X12: MARQUEZ | Y12: SORIANO | Z12: Mujer | AA12: TIARA YAZMIN MARQUEZ SORIANO | AB12: TIARA YAZMIN MARQUEZ SORIANO | AC12: MAST980921L32 | AD12: Avenida | AE12: HIMNO NACIONAL | AF12: 456 | AG12: 0 | AH12: Colonia | AI12: HIMNO NACIONAL | AJ12: 24 | AK12: SAN LUIS POTOSI | AL12: 24 | AM12: SAN LUIS POTOSI | AN12: 24 | AO12: San Luis Potosí | AP12: 78369 | AQ12: NO SE GENERO | AR12: NO SE GENERO | AS12: NO SE GENERO | AT12: NO SE GENERO | AU12: PRESENTO MEJOR PROPUESTA Y CONOCE PLENAMENTE EL CONTENIDO Y ALCANCES DE LAS DISPOSICIONES DEL CONTRATO | AV12: COORDINACION DE DESARROLLO SOCIAL RAMO 33 | AW12: COORDINACION DE DESARROLLO SOCIAL RAMO 33 | AX12: COORDINACION DE DESARROLLO SOCIAL RAMO 33 | AY12: =G12 -> MC/DSM/FFM/058/2025 | AZ12: =M12 -> 45974 | BA12: =M12 -> 45974 | BB12: 46022 | BC12: 448500 | BD12: =(BC12*1.16) -> 520260 | BE12: =BD12 -> 520260 | BF12: =BD12 -> 520260 | BG12: PESOS | BH12: NACIONAL | BI12: TRANFERENCIA | BJ12: OBRA PUBLICA Y SERVICIOS RELACIONADOS | BK12: 0 | BL12: =BA12 -> 45974 | BM12: =BB12 -> 46022 | BN12: http://www.cegaipslp.org.mx/HV2025.nsf/nombre_de_la_vista/9E940F61B3382B9106258D5D00220990/$File/058+CONTRATO++RETRO2+etapa+tiara-2025.pdf | BO12: http://www.cegaipslp.org.mx/HV2025.nsf/nombre_de_la_vista/3548F7FB7B2EE0D206258D5D002022CE/$File/NOVIEMBRE++2025.pdf | BP12: 5 | BQ12: Municipales | BR12: RAMO 33 | BS12: FONDO PARA EL FORTALECIMIENTO MUNICIPAL | BT12: MUNICIPIO DE CEDRAL | BU12: =N12 -> ARRENDAMIENTO DE MAQUINARIA "RETROEXCAVADORA" PARA UTILIZAR EN EL MANTENIMIENTO DEL RELLENO SANITARIO MUNICIPAL SEGUNDA ETAPA | BV12: http://www.cegaipslp.org.mx/HV2025.nsf/nombre_de_la_vista/3548F7FB7B2EE0D206258D5D002022CE/$File/NOVIEMBRE++2025.pdf | BW12: NO SE GENERO | BX12: En ejecución | BY12: No | BZ12: 5 | CA12: NO SE GENERO | CB12: http://www.cegaipslp.org.mx/HV2025.nsf/nombre_de_la_vista/3548F7FB7B2EE0D206258D5D002022CE/$File/NOVIEMBRE++2025.pdf | CC12: http://www.cegaipslp.org.mx/HV2025.nsf/nombre_de_la_vista/3548F7FB7B2EE0D206258D5D002022CE/$File/NOVIEMBRE++2025.pdf | CD12: http://www.cegaipslp.org.mx/HV2025.nsf/nombre_de_la_vista/3548F7FB7B2EE0D206258D5D002022CE/$File/NOVIEMBRE++2025.pdf | CE12: http://www.cegaipslp.org.mx/HV2025.nsf/nombre_de_la_vista/3548F7FB7B2EE0D206258D5D002022CE/$File/NOVIEMBRE++2025.pdf | CF12: http://www.cegaipslp.org.mx/HV2025.nsf/nombre_de_la_vista/3548F7FB7B2EE0D206258D5D002022CE/$File/NOVIEMBRE++2025.pdf | CG12: COORDINACION DE DESARROLLO SOCIAL RAMO 33 | CH12: 46001 | CI12: NINGUNA
A13: 2025 | B13: 45962 | C13: 45991 | D13: Adjudicación directa | E13: Servicios | F13: Nacional | G13: MC/DSM/FFM/059/2025 | H13: No | I13: El Departamento Desarrollo Social Ramo 33 del Municipio de Cedral, S.L.P., Al periodo reportado no se ejerció el programa, obra o acción por lo que no cuenta con los informes presenciales por lo anterior se le hace de su conocimiento que no existe informa | J13: http://www.cegaipslp.org.mx/HV2025.nsf/nombre_de_la_vista/3548F7FB7B2EE0D206258D5D002022CE/$File/NOVIEMBRE++2025.pdf | K13: 6 | L13: http://www.cegaipslp.org.mx/HV2025.nsf/nombre_de_la_vista/3548F7FB7B2EE0D206258D5D002022CE/$File/NOVIEMBRE++2025.pdf | M13: 45962 | N13: PROMOCION Y DIFUSION EVENTOS CULTURALES Y/O ARTISTICOS: XANTOLO ¡SE VIVE! | O13: 6 | P13: 45962 | Q13: 6 | R13: 6 | S13: http://www.cegaipslp.org.mx/HV2025.nsf/nombre_de_la_vista/3548F7FB7B2EE0D206258D5D002022CE/$File/NOVIEMBRE++2025.pdf | T13: http://www.cegaipslp.org.mx/HV2025.nsf/nombre_de_la_vista/3548F7FB7B2EE0D206258D5D002022CE/$File/NOVIEMBRE++2025.pdf | U13: http://www.cegaipslp.org.mx/HV2025.nsf/nombre_de_la_vista/3548F7FB7B2EE0D206258D5D002022CE/$File/NOVIEMBRE++2025.pdf | V13: http://www.cegaipslp.org.mx/HV2025.nsf/nombre_de_la_vista/3548F7FB7B2EE0D206258D5D002022CE/$File/NOVIEMBRE++2025.pdf | W13: JOSE ANGEL | X13: RODRIGUEZ | Y13: GRIMALDO | Z13: Hombre | AA13: JOSE ANGEL RODRIGUEZ GRIMALDO | AB13: JOSE ANGEL RODRIGUEZ GRIMALDO | AC13: ROGA8405248R8 | AD13: Calle | AE13: ARAMBERRI | AF13: 101 | AG13: 0 | AH13: Colonia | AI13: CENTRO MATEHUALA | AJ13: 24 | AK13: SAN LUIS POTOSI | AL13: 24 | AM13: SAN LUIS POTOSI | AN13: 24 | AO13: San Luis Potosí | AP13: 78700 | AQ13: NO SE GENERO | AR13: NO SE GENERO | AS13: NO SE GENERO | AT13: NO SE GENERO | AU13: PRESENTO MEJOR PROPUESTA Y CONOCE PLENAMENTE EL CONTENIDO Y ALCANCES DE LAS DISPOSICIONES DEL CONTRATO | AV13: COORDINACION DE DESARROLLO SOCIAL RAMO 33 | AW13: COORDINACION DE DESARROLLO SOCIAL RAMO 33 | AX13: COORDINACION DE DESARROLLO SOCIAL RAMO 33 | AY13: =G13 -> MC/DSM/FFM/059/2025 | AZ13: =M13 -> 45962 | BA13: =M13 -> 45962 | BB13: 45975 | BC13: 120689.66 | BD13: =(BC13*1.16) -> 140000 | BE13: =(BD13) -> 140000 | BF13: =(BE13) -> 140000 | BG13: PESOS | BH13: NACIONAL | BI13: TRANFERENCIA | BJ13: OBRA PUBLICA Y SERVICIOS RELACIONADOS | BK13: 0 | BL13: =BA13 -> 45962 | BM13: =BB13 -> 45975 | BN13: http://www.cegaipslp.org.mx/HV2025.nsf/nombre_de_la_vista/DD30CE350468434C06258D5D0022209F/$File/059+CONTRATO+PROM+Y+DIF.+TUR+XANTOLO+corr.pdf | BO13: http://www.cegaipslp.org.mx/HV2025.nsf/nombre_de_la_vista/3548F7FB7B2EE0D206258D5D002022CE/$File/NOVIEMBRE++2025.pdf | BP13: 6 | BQ13: Municipales | BR13: RAMO 33 | BS13: FONDO PARA EL FORTALECIMIENTO MUNICIPAL | BT13: MUNICIPIO DE CEDRAL | BU13: =N13 -> PROMOCION Y DIFUSION EVENTOS CULTURALES Y/O ARTISTICOS: XANTOLO ¡SE VIVE! | BV13: http://www.cegaipslp.org.mx/HV2025.nsf/nombre_de_la_vista/3548F7FB7B2EE0D206258D5D002022CE/$File/NOVIEMBRE++2025.pdf | BW13: NO SE GENERO | BX13: En finiquito | BY13: No | BZ13: 6 | CA13: NO SE GENERO | CB13: http://www.cegaipslp.org.mx/HV2025.nsf/nombre_de_la_vista/3548F7FB7B2EE0D206258D5D002022CE/$File/NOVIEMBRE++2025.pdf | CC13: http://www.cegaipslp.org.mx/HV2025.nsf/nombre_de_la_vista/3548F7FB7B2EE0D206258D5D002022CE/$File/NOVIEMBRE++2025.pdf | CD13: http://www.cegaipslp.org.mx/HV2025.nsf/nombre_de_la_vista/3548F7FB7B2EE0D206258D5D002022CE/$File/NOVIEMBRE++2025.pdf | CE13: http://www.cegaipslp.org.mx/HV2025.nsf/nombre_de_la_vista/3548F7FB7B2EE0D206258D5D002022CE/$File/NOVIEMBRE++2025.pdf | CF13: http://www.cegaipslp.org.mx/HV2025.nsf/nombre_de_la_vista/3548F7FB7B2EE0D206258D5D002022CE/$File/NOVIEMBRE++2025.pdf | CG13: COORDINACION DE DESARROLLO SOCIAL RAMO 33 | CH13: 46001 | CI13: NINGUNA
A14: 2025 | B14: 45962 | C14: 45991 | D14: Adjudicación directa | E14: Servicios relacionados con obra pública | F14: Nacional | G14: MC/DSM/FISM/060/2025 | H14: No | I14: El Departamento Desarrollo Social Ramo 33 del Municipio de Cedral, S.L.P., Al periodo reportado no se ejerció el programa, obra o acción por lo que no cuenta con los informes presenciales por lo anterior se le hace de su conocimiento que no existe informa | J14: http://www.cegaipslp.org.mx/HV2025.nsf/nombre_de_la_vista/3548F7FB7B2EE0D206258D5D002022CE/$File/NOVIEMBRE++2025.pdf | K14: 7 | L14: http://www.cegaipslp.org.mx/HV2025.nsf/nombre_de_la_vista/3548F7FB7B2EE0D206258D5D002022CE/$File/NOVIEMBRE++2025.pdf | M14: 45944 | N14: CONSTRUCCION DE UN AULA EN ESTRUCTURA REGIONAL 6*8 M EN LA LOCALIDAD DE SAN ISIDRO, MUNCIPIO DE CEDRAL, S.L.P. | O14: 7 | P14: 45944 | Q14: 7 | R14: 7 | S14: http://www.cegaipslp.org.mx/HV2025.nsf/nombre_de_la_vista/3548F7FB7B2EE0D206258D5D002022CE/$File/NOVIEMBRE++2025.pdf | T14: http://www.cegaipslp.org.mx/HV2025.nsf/nombre_de_la_vista/3548F7FB7B2EE0D206258D5D002022CE/$File/NOVIEMBRE++2025.pdf | U14: http://www.cegaipslp.org.mx/HV2025.nsf/nombre_de_la_vista/3548F7FB7B2EE0D206258D5D002022CE/$File/NOVIEMBRE++2025.pdf | V14: http://www.cegaipslp.org.mx/HV2025.nsf/nombre_de_la_vista/3548F7FB7B2EE0D206258D5D002022CE/$File/NOVIEMBRE++2025.pdf | W14: EDGAR | X14: GARCIA | Y14: LOPEZ | Z14: Hombre | AA14: EDGAR GARCIA LOPEZ | AB14: EDGAR GARCIA LOPEZ | AC14: GALE940212SA2 | AD14: Calle | AE14: SIN NOMBRE | AF14: 0 | AG14: 0 | AH14: Ejido | AI14: ZAMARRIPA | AJ14: 7 | AK14: CEDRAL | AL14: 7 | AM14: CEDRAL | AN14: 24 | AO14: San Luis Potosí | AP14: 78534 | AQ14: NO SE GENERO | AR14: NO SE GENERO | AS14: NO SE GENERO | AT14: NO SE GENERO | AU14: PRESENTO MEJOR PROPUESTA Y CONOCE PLENAMENTE EL CONTENIDO Y ALCANCES DE LAS DISPOSICIONES DEL CONTRATO | AV14: COORDINACION DE DESARROLLO SOCIAL RAMO 33 | AW14: COORDINACION DE DESARROLLO SOCIAL RAMO 33 | AX14: COORDINACION DE DESARROLLO SOCIAL RAMO 33 | AY14: =G14 -> MC/DSM/FISM/060/2025 | AZ14: =M14 -> 45944 | BA14: =M14 -> 45944 | BB14: 45988 | BC14: 1110287.6 | BD14: =(BC14*1.16) -> 1287933.6 | BE14: =(BD14) -> 1287933.6 | BF14: =(BE14) -> 1287933.6 | BG14: PESOS | BH14: NACIONAL | BI14: TRANFERENCIA | BJ14: OBRA PUBLICA Y SERVICIOS RELACIONADOS | BK14: 0 | BL14: =BA14 -> 45944 | BM14: =BB14 -> 45988 | BN14: http://www.cegaipslp.org.mx/HV2025.nsf/nombre_de_la_vista/927F7758F0121A3506258D5D00222C94/$File/060+CONTRATO+AULA+SAN+ISISRO+EDGAR.pdf | BO14: http://www.cegaipslp.org.mx/HV2025.nsf/nombre_de_la_vista/3548F7FB7B2EE0D206258D5D002022CE/$File/NOVIEMBRE++2025.pdf | BP14: 7 | BQ14: Municipales | BR14: RAMO 33 | BS14: FONDO PARA LA INFRAESTRUCTURA SOCIAL MUNICIPAL | BT14: MUNICIPIO DE CEDRAL | BU14: =N14 -> CONSTRUCCION DE UN AULA EN ESTRUCTURA REGIONAL 6*8 M EN LA LOCALIDAD DE SAN ISIDRO, MUNCIPIO DE CEDRAL, S.L.P. | BV14: http://www.cegaipslp.org.mx/HV2025.nsf/nombre_de_la_vista/3548F7FB7B2EE0D206258D5D002022CE/$File/NOVIEMBRE++2025.pdf | BW14: NO SE GENERO | BX14: En finiquito | BY14: No | BZ14: 7 | CA14: NO SE GENERO | CB14: http://www.cegaipslp.org.mx/HV2025.nsf/nombre_de_la_vista/3548F7FB7B2EE0D206258D5D002022CE/$File/NOVIEMBRE++2025.pdf | CC14: http://www.cegaipslp.org.mx/HV2025.nsf/nombre_de_la_vista/3548F7FB7B2EE0D206258D5D002022CE/$File/NOVIEMBRE++2025.pdf | CD14: http://www.cegaipslp.org.mx/HV2025.nsf/nombre_de_la_vista/3548F7FB7B2EE0D206258D5D002022CE/$File/NOVIEMBRE++2025.pdf | CE14: http://www.cegaipslp.org.mx/HV2025.nsf/nombre_de_la_vista/3548F7FB7B2EE0D206258D5D002022CE/$File/NOVIEMBRE++2025.pdf | CF14: http://www.cegaipslp.org.mx/HV2025.nsf/nombre_de_la_vista/3548F7FB7B2EE0D206258D5D002022CE/$File/NOVIEMBRE++2025.pdf | CG14: COORDINACION DE DESARROLLO SOCIAL RAMO 33 | CH14: 46001 | CI14: NINGUNA
A15: 2025 | B15: 45962 | C15: 45991 | D15: Adjudicación directa | E15: Adquisiciones | F15: Nacional | G15: MC/DSM/FFM/061/2025 | H15: No | I15: El Departamento Desarrollo Social Ramo 33 del Municipio de Cedral, S.L.P., Al periodo reportado no se ejerció el programa, obra o acción por lo que no cuenta con los informes presenciales por lo anterior se le hace de su conocimiento que no existe informa | J15: http://www.cegaipslp.org.mx/HV2025.nsf/nombre_de_la_vista/3548F7FB7B2EE0D206258D5D002022CE/$File/NOVIEMBRE++2025.pdf | K15: 8 | L15: http://www.cegaipslp.org.mx/HV2025.nsf/nombre_de_la_vista/3548F7FB7B2EE0D206258D5D002022CE/$File/NOVIEMBRE++2025.pdf | M15: 45974 | N15: ADQUISICION DE LAMPARA Y FOTOCELDAS PARA EL MUNCIPIO DE CEDRAL, S.L.P. | O15: 8 | P15: 45974 | Q15: 8 | R15: 8 | S15: http://www.cegaipslp.org.mx/HV2025.nsf/nombre_de_la_vista/3548F7FB7B2EE0D206258D5D002022CE/$File/NOVIEMBRE++2025.pdf | T15: http://www.cegaipslp.org.mx/HV2025.nsf/nombre_de_la_vista/3548F7FB7B2EE0D206258D5D002022CE/$File/NOVIEMBRE++2025.pdf | U15: http://www.cegaipslp.org.mx/HV2025.nsf/nombre_de_la_vista/3548F7FB7B2EE0D206258D5D002022CE/$File/NOVIEMBRE++2025.pdf | V15: http://www.cegaipslp.org.mx/HV2025.nsf/nombre_de_la_vista/3548F7FB7B2EE0D206258D5D002022CE/$File/NOVIEMBRE++2025.pdf | W15: SALVADOR | X15: COVARRUBIAS | Y15: VEGA | Z15: Hombre | AA15: SALVADOR COVARRUBIAS VEGA | AB15: SALVADOR COVARRUBIAS VEGA | AC15: ICO090126HE6 | AE15: DOROTEO MALDONADO | AF15: 450 | AG15: 0 | AH15: Colonia | AI15: FRANCISCO I. MADERO | AJ15: 24 | AK15: SAN LUIS POTOSI | AL15: 24 | AM15: SAN LUIS POTOSI | AN15: 24 | AO15: San Luis Potosí | AP15: 78377 | AQ15: NO SE GENERO | AR15: NO SE GENERO | AS15: NO SE GENERO | AT15: NO SE GENERO | AU15: PRESENTO MEJOR PROPUESTA Y CONOCE PLENAMENTE EL CONTENIDO Y ALCANCES DE LAS DISPOSICIONES DEL CONTRATO | AV15: COORDINACION DE DESARROLLO SOCIAL RAMO 33 | AW15: COORDINACION DE DESARROLLO SOCIAL RAMO 33 | AX15: COORDINACION DE DESARROLLO SOCIAL RAMO 33 | AY15: =G15 -> MC/DSM/FFM/061/2025 | AZ15: =M15 -> 45974 | BA15: =M15 -> 45974 | BB15: 45987 | BC15: 322955 | BD15: =(BC15*1.16) -> 374627.8 | BE15: =(BD15) -> 374627.8 | BF15: =(BE15) -> 374627.8 | BG15: PESOS | BH15: NACIONAL | BI15: TRANFERENCIA | BJ15: OBRA PUBLICA Y SERVICIOS RELACIONADOS | BK15: 0 | BL15: =BA15 -> 45974 | BM15: =BB15 -> 45987 | BN15: http://www.cegaipslp.org.mx/HV2025.nsf/nombre_de_la_vista/4774E9C5ACAC498806258D5D002237B6/$File/061.+ADQ.+MATERIAL+ELEC+FOTOCELDAS+ILUMINACION+COVARRUBIAS+(1).pdf | BO15: http://www.cegaipslp.org.mx/HV2025.nsf/nombre_de_la_vista/3548F7FB7B2EE0D206258D5D002022CE/$File/NOVIEMBRE++2025.pdf | BP15: 8 | BQ15: Municipales | BR15: RAMO 33 | BS15: FONDO PARA EL FORTALECIMIENTO MUNCIPAL | BT15: MUNICIPIO DE CEDRAL | BU15: =N15 -> ADQUISICION DE LAMPARA Y FOTOCELDAS PARA EL MUNCIPIO DE CEDRAL, S.L.P. | BV15: http://www.cegaipslp.org.mx/HV2025.nsf/nombre_de_la_vista/3548F7FB7B2EE0D206258D5D002022CE/$File/NOVIEMBRE++2025.pdf | BW15: NO SE GENERO | BX15: En finiquito | BY15: No | BZ15: 8 | CA15: NO SE GENERO | CB15: http://www.cegaipslp.org.mx/HV2025.nsf/nombre_de_la_vista/3548F7FB7B2EE0D206258D5D002022CE/$File/NOVIEMBRE++2025.pdf | CC15: http://www.cegaipslp.org.mx/HV2025.nsf/nombre_de_la_vista/3548F7FB7B2EE0D206258D5D002022CE/$File/NOVIEMBRE++2025.pdf | CD15: http://www.cegaipslp.org.mx/HV2025.nsf/nombre_de_la_vista/3548F7FB7B2EE0D206258D5D002022CE/$File/NOVIEMBRE++2025.pdf | CE15: http://www.cegaipslp.org.mx/HV2025.nsf/nombre_de_la_vista/3548F7FB7B2EE0D206258D5D002022CE/$File/NOVIEMBRE++2025.pdf | CF15: http://www.cegaipslp.org.mx/HV2025.nsf/nombre_de_la_vista/3548F7FB7B2EE0D206258D5D002022CE/$File/NOVIEMBRE++2025.pdf | CG15: COORDINACION DE DESARROLLO SOCIAL RAMO 33 | CH15: 46001 | CI15: NINGUNA

Sheet Hidden_1
A1: Licitación pública
A2: Invitación a cuando menos tres personas
A3: Adjudicación directa
A4: Otra (especificar)

Sheet Hidden_2
A1: Obra pública
A2: Servicios relacionados con obra pública
A3: Adquisiciones
A4: Arrendamientos
A5: Servicios

Sheet Hidden_3
A1: Nacional
A2: Internacional

Sheet Hidden_4
A1: Si
A2: No

Sheet Hidden_5
A1: Hombre
A2: Mujer

Sheet Hidden_6
A1: Carretera
A2: Privada
A3: Eje vial
A4: Circunvalación
A5: Brecha
A6: Diagonal
A7: Calle
A8: Corredor
A9: Circuito
A10: Pasaje
A11: Vereda
A12: Calzada
... A26: Avenida

Sheet Hidden_7
A1: Aeropuerto
A2: Ampliación
A3: Barrio
A4: Cantón
A5: Ciudad
A6: Ciudad industrial
A7: Colonia
A8: Condominio
A9: Conjunto habitacional
A10: Corredor industrial
A11: Coto
A12: Cuartel
... A41: Zona naval

Sheet Hidden_8
A1: México
A2: Guerrero
A3: Puebla
A4: Quintana Roo
A5: Guanajuato
A6: Durango
A7: Michoacán de Ocampo
A8: San Luis Potosí
A9: Campeche
A10: Coahuila de Zaragoza
A11: Nayarit
A12: Zacatecas
... A32: Baja California

Sheet Hidden_9
A1: Federales
A2: Estatales
A3: Municipales

Sheet Hidden_10
A1: En planeación
A2: En ejecución
A3: En finiquito

Sheet Hidden_11
A1: Si
A2: No

Sheet Tabla_583985
B1: 1 | C1: 1 | D1: 1 | E1: 9 | F1: 1 | G1: 1
B2: 80193 | C2: 80194 | D2: 80195 | E2: 80198 | F2: 80196 | G2: 80197
A3: ID | B3: Nombre(s) | C3: Primer apellido | D3: Segundo apellido | E3: Sexo (catálogo) | F3: Denominación o razón Social | G3: Registro Federal de Contribuyentes (RFC) de los posibles licitantes, proveedores o contratistas
A4: 1 | B4: CRISTIAN IVAN | C4: RODRIGUEZ | D4: CARREON | E4: Hombre | F4: CRISTIAN IVAN RODRIGUEZ CARREON | G4: ROCC830223DTA
A5: 2 | B5: JOSE FRANCISCO | C5: TORRES | D5: CHARQUEÑO | E5: Hombre | F5: GRUPO CONSTRUCTOR ONCE M, S.A. DE C.V. | G5: GCO220516MT2
A6: 3 | B6: JORGE | C6: ACUÑA | D6: DEL CASTILLO | E6: Hombre | F6: JORMAT DE SAN LUIS CONSTRUCCIONES S.A. DE C.V. | G6: JSL221107996
A7: 4 | B7: EDGAR | C7: GARCIA | D7: LOPEZ | E7: Hombre | F7: EDGAR GARCIA LOPEZ | G7: GALE940212SA2
A8: 5 | B8: TIARA YAZMIN | C8: MARQUEZ | D8: SORIANO | E8: Mujer | F8: TIARA YAZMIN MARQUEZ SORIANO | G8: MAST980921L32
A9: 6 | B9: JOSE ANGEL | C9: RODRIGUEZ | D9: GRIMALDO | E9: Hombre | F9: JOSE ANGEL RODRIGUEZ GRIMALDO | G9: ROGA8405248R8
A10: 7 | B10: EDGAR | C10: GARCIA | D10: LOPEZ | E10: Hombre | F10: EDGAR GARCIA LOPEZ | G10: GALE940212SA2
A11: 8 | B11: SALVADOR | C11: COVARRUBIAS | D11: VEGA | E11: Hombre | F11: SALVADOR COVARRUBIAS VEGA | G11: ICO090126HE6

Sheet Hidden_1_Tabla_583985
A1: Hombre
A2: Hombre
A3: Hombre
A4: Hombre
A5: Mujer
A6: Hombre
A7: Hombre
A8: Hombre

Sheet Tabla_584012
B1: 1 | C1: 1 | D1: 1 | E1: 9 | F1: 1 | G1: 1
B2: 80199 | C2: 80200 | D2: 80201 | E2: 80204 | F2: 80202 | G2: 80203
A3: ID | B3: Nombre(s) | C3: Primer apellido | D3: Segundo apellido | E3: Sexo (catálogo) | F3: Denominación o razón social | G3: Registro Federal de Contribuyentes (RFC) de las personas físicas o morales que presentaron una proposición u oferta
A4: 1 | B4: CRISTIAN IVAN | C4: RODRIGUEZ | D4: CARREON | E4: Hombre | F4: CRISTIAN IVAN RODRIGUEZ CARREON | G4: ROCC830223DTA
A5: 2 | B5: JOSE FRANCISCO | C5: TORRES | D5: CHARQUEÑO | E5: Hombre | F5: GRUPO CONSTRUCTOR ONCE M, S.A. DE C.V. | G5: GCO220516MT2
A6: 3 | B6: JORGE | C6: ACUÑA | D6: DEL CASTILLO | E6: Hombre | F6: JORMAT DE SAN LUIS CONSTRUCCIONES S.A. DE C.V. | G6: JSL221107996
A7: 4 | B7: EDGAR | C7: GARCIA | D7: LOPEZ | E7: Hombre | F7: EDGAR GARCIA LOPEZ | G7: GALE940212SA2
A8: 5 | B8: TIARA YAZMIN | C8: MARQUEZ | D8: SORIANO | E8: Mujer | F8: TIARA YAZMIN MARQUEZ SORIANO | G8: MAST980921L32
A9: 6 | B9: JOSE ANGEL | C9: RODRIGUEZ | D9: GRIMALDO | E9: Hombre | F9: JOSE ANGEL RODRIGUEZ GRIMALDO | G9: ROGA8405248R8
A10: 7 | B10: EDGAR | C10: GARCIA | D10: LOPEZ | E10: Hombre | F10: EDGAR GARCIA LOPEZ | G10: GALE940212SA2
A11: 8 | B11: SALVADOR | C11: COVARRUBIAS | D11: VEGA | E11: Hombre | F11: SALVADOR COVARRUBIAS VEGA | G11: ICO090126HE6

Sheet Hidden_1_Tabla_584012
A1: Hombre
A2: Mujer

Sheet Tabla_584013
B1: 1 | C1: 1 | D1: 1 | E1: 9 | F1: 2 | G1: 1
B2: 80205 | C2: 80206 | D2: 80207 | E2: 80210 | F2: 80208 | G2: 80209
A3: ID | B3: Nombre(s) | C3: Primer apellido | D3: Segundo apellido | E3: Sexo (catálogo) | F3: Denominación o razón social | G3: Registro Federal de Contribuyantes (RFC) de las personas físicas o morales participantes en la junta de aclaraciones
A4: =Tabla_584012!A4 -> 1 | B4: =Tabla_584012!B4 -> CRISTIAN IVAN | C4: =Tabla_584012!C4 -> RODRIGUEZ | D4: =Tabla_584012!D4 -> CARREON | E4: =Tabla_584012!E4 -> Hombre | F4: =Tabla_584012!F4 -> CRISTIAN IVAN RODRIGUEZ CARREON | G4: =Tabla_584012!G4 -> ROCC830223DTA
A5: =Tabla_584012!A5 -> 2 | B5: =Tabla_584012!B5 -> JOSE FRANCISCO | C5: =Tabla_584012!C5 -> TORRES | D5: =Tabla_584012!D5 -> CHARQUEÑO | E5: =Tabla_584012!E5 -> Hombre | F5: =Tabla_584012!F5 -> GRUPO CONSTRUCTOR ONCE M, S.A. DE C.V. | G5: =Tabla_584012!G5 -> GCO220516MT2
A6: =Tabla_584012!A6 -> 3 | B6: =Tabla_584012!B6 -> JORGE | C6: =Tabla_584012!C6 -> ACUÑA | D6: =Tabla_584012!D6 -> DEL CASTILLO | E6: =Tabla_584012!E6 -> Hombre | F6: =Tabla_584012!F6 -> JORMAT DE SAN LUIS CONSTRUCCIONES S.A. DE C.V. | G6: =Tabla_584012!G6 -> JSL221107996
A7: =Tabla_584012!A7 -> 4 | B7: =Tabla_584012!B7 -> EDGAR | C7: =Tabla_584012!C7 -> GARCIA | D7: =Tabla_584012!D7 -> LOPEZ | E7: =Tabla_584012!E7 -> Hombre | F7: =Tabla_584012!F7 -> EDGAR GARCIA LOPEZ | G7: =Tabla_584012!G7 -> GALE940212SA2
A8: 5 | B8: TIARA YAZMIN | C8: MARQUEZ | D8: SORIANO | E8: Mujer | F8: TIARA YAZMIN MARQUEZ SORIANO | G8: MAST980921L32
A9: 6 | B9: JOSE ANGEL | C9: RODRIGUEZ | D9: GRIMALDO | E9: Hombre | F9: JOSE ANGEL RODRIGUEZ GRIMALDO | G9: ROGA8405248R8
A10: 7 | B10: EDGAR | C10: GARCIA | D10: LOPEZ | E10: Hombre | F10: EDGAR GARCIA LOPEZ | G10: GALE940212SA2
A11: 8 | B11: SALVADOR | C11: COVARRUBIAS | D11: VEGA | E11: Hombre | F11: SALVADOR COVARRUBIAS VEGA | G11: ICO090126HE6

Sheet Hidden_1_Tabla_584013
A1: Hombre
A2: Mujer

Sheet Tabla_584014
B1: 1 | C1: 1 | D1: 1 | E1: 9 | F1: 1 | G1: 2
B2: 80211 | C2: 80212 | D2: 80213 | E2: 80216 | F2: 80215 | G2: 80214
A3: ID | B3: Nombre (s) de la persona servidora pública | C3: Primer apellido de la persona servidora pública | D3: Segundo apellido de la persona servidora pública | E3: Sexo (catálogo) | F3: Registro Federal de Contribuyentes (RFC) de las personas servidoras públicas | G3: Cargo que ocupan en el sujeto obligado las personas servidoras públicas participantes en las juntas públicas o de aclaraciones
A4: 1 | B4: FRANCISCO AGUSTIN | C4: ALMAGUER | D4: HERNANDEZ | E4: Hombre | F4: AAHF9308287G1 | G4: COORDINADOR DEL DEPARTAMENTO DESARROLLO SOCIAL RAMO 33
A5: 2 | B5: FRANCISCO AGUSTIN | C5: ALMAGUER | D5: HERNANDEZ | E5: Hombre | F5: AAHF9308287G1 | G5: COORDINADOR DEL DEPARTAMENTO DESARROLLO SOCIAL RAMO 33
A6: 3 | B6: FRANCISCO AGUSTIN | C6: ALMAGUER | D6: HERNANDEZ | E6: Hombre | F6: AAHF9308287G1 | G6: COORDINADOR DEL DEPARTAMENTO DESARROLLO SOCIAL RAMO 33
A7: 4 | B7: FRANCISCO AGUSTIN | C7: ALMAGUER | D7: HERNANDEZ | E7: Hombre | F7: AAHF9308287G1 | G7: COORDINADOR DEL DEPARTAMENTO DESARROLLO SOCIAL RAMO 33
A8: 5 | B8: FRANCISCO AGUSTIN | C8: ALMAGUER | D8: HERNANDEZ | E8: Hombre | F8: AAHF9308287G1
A9: 6 | B9: FRANCISCO AGUSTIN | C9: ALMAGUER | D9: HERNANDEZ | E9: Hombre | F9: AAHF9308287G1
A10: 7 | B10: FRANCISCO AGUSTIN | C10: ALMAGUER | D10: HERNANDEZ | E10: Hombre | F10: AAHF9308287G1
A11: 8 | B11: FRANCISCO AGUSTIN | C11: ALMAGUER | D11: HERNANDEZ | E11: Hombre | F11: AAHF9308287G1

Sheet Hidden_1_Tabla_584014
A1: Hombre
A2: Mujer

Sheet Tabla_583982
B1: 2 | C1: 2 | D1: 2
B2: 80191 | C2: 80192 | D2: 80190
A3: ID | B3: Nombre(s) de la(s) persona(s) beneficiaria(s) final(es), | C3: Primer apellido de la(s) persona(s) beneficiaria(s) final(es), | D3: Segundo apellido de la(s) persona(s) beneficiaria(s) final(es)
A4: =Tabla_584013!A4 -> 1 | B4: =Tabla_584013!B4 -> CRISTIAN IVAN | C4: =Tabla_584013!C4 -> RODRIGUEZ | D4: =Tabla_584013!D4 -> CARREON
A5: 2 | B5: =Tabla_584013!B5 -> JOSE FRANCISCO | C5: =Tabla_584013!C5 -> TORRES | D5: =Tabla_584013!D5 -> CHARQUEÑO
A6: 3 | B6: =Tabla_584013!B6 -> JORGE | C6: =Tabla_584013!C6 -> ACUÑA | D6: =Tabla_584013!D6 -> DEL CASTILLO
A7: 4 | B7: =Tabla_584013!B7 -> EDGAR | C7: =Tabla_584013!C7 -> GARCIA | D7: =Tabla_584013!D7 -> LOPEZ
A8: 5 | B8: TIARA YAZMIN | C8: MARQUEZ | D8: SORIANO
A9: 6 | B9: JOSE ANGEL | C9: RODRIGUEZ | D9: GRIMALDO
A10: 7 | B10: EDGAR | C10: GARCIA | D10: LOPEZ
A11: 8 | B11: SALVADOR | C11: COVARRUBIAS | D11: VEGA

Sheet Tabla_584015
B1: 1
B2: 80217
A3: ID | B3: Partida Presupuestal
A4: 1 | B4: FFM
A5: 2 | B5: FISM
A6: 3 | B6: FISM
A7: 4 | B7: FISM
A8: 5 | B8: FFM
A9: 6 | B9: FFM
A10: 7 | B10: FISM
A11: 8 | B11: FFM

Sheet Tabla_584016
B1: 1 | C1: 2 | D1: 4 | E1: 7
B2: 80218 | C2: 80219 | D2: 80220 | E2: 80221
A3: ID | B3: Número de convenio y/o contrato | C3: Objeto del convenio y/o contrato modificatorio. | D3: Fecha de firma del convenio y/o contrato modificatorio | E3: Hipervínculo al documento del convenio y/o contrato, en versión pública
A4: 1 | B4: MC/DSM/FFM/054/2025 | C4: http://www.cegaipslp.org.mx/HV2025.nsf/nombre_de_la_vista/3548F7FB7B2EE0D206258D5D002022CE/$File/NOVIEMBRE++2025.pdf | D4: http://www.cegaipslp.org.mx/HV2025.nsf/nombre_de_la_vista/3548F7FB7B2EE0D206258D5D002022CE/$File/NOVIEMBRE++2025.pdf | E4: http://www.cegaipslp.org.mx/HV2025.nsf/nombre_de_la_vista/8C54AA6AE854453706258D5D0021D342/$File/054+CONTRATO+PIPA+MES+DE+NOVIEMBRECRISTIAN.pdf
A5: 2 | B5: MC/DSM/FISM/055/2025 | C5: http://www.cegaipslp.org.mx/HV2025.nsf/nombre_de_la_vista/3548F7FB7B2EE0D206258D5D002022CE/$File/NOVIEMBRE++2025.pdf | D5: http://www.cegaipslp.org.mx/HV2025.nsf/nombre_de_la_vista/3548F7FB7B2EE0D206258D5D002022CE/$File/NOVIEMBRE++2025.pdf | E5: http://www.cegaipslp.org.mx/HV2025.nsf/nombre_de_la_vista/04D01C4EB2073CE606258D5D0021E573/$File/055.-+CONTRALO+LOCALES+COMERCIALES+GRUPO+CONSTRUCTOR+ONCE+M.pdf
A6: 3 | B6: MC/DSM/FISM/056/2025 | C6: http://www.cegaipslp.org.mx/HV2025.nsf/nombre_de_la_vista/3548F7FB7B2EE0D206258D5D002022CE/$File/NOVIEMBRE++2025.pdf | D6: http://www.cegaipslp.org.mx/HV2025.nsf/nombre_de_la_vista/3548F7FB7B2EE0D206258D5D002022CE/$File/NOVIEMBRE++2025.pdf | E6: http://www.cegaipslp.org.mx/HV2025.nsf/nombre_de_la_vista/7C7E7C62F39ABCEA06258D5D0021F1E3/$File/056+electrificacion+CALLE+MEXICO++JORMAT.pdf
A7: 4 | B7: MC/DSM/FISM/057/2025 | C7: http://www.cegaipslp.org.mx/HV2025.nsf/nombre_de_la_vista/3548F7FB7B2EE0D206258D5D002022CE/$File/NOVIEMBRE++2025.pdf | D7: http://www.cegaipslp.org.mx/HV2025.nsf/nombre_de_la_vista/3548F7FB7B2EE0D206258D5D002022CE/$File/NOVIEMBRE++2025.pdf | E7: http://www.cegaipslp.org.mx/HV2025.nsf/nombre_de_la_vista/B5C6C203911543AE06258D5D0021FE58/$File/057+CONTRATO+ELEC.+PRIV.+STA+LUCIA+EDGAR.pdf
A8: 5 | B8: MC/DSM/FFM/058/2025 | C8: http://www.cegaipslp.org.mx/HV2025.nsf/nombre_de_la_vista/3548F7FB7B2EE0D206258D5D002022CE/$File/NOVIEMBRE++2025.pdf | D8: http://www.cegaipslp.org.mx/HV2025.nsf/nombre_de_la_vista/3548F7FB7B2EE0D206258D5D002022CE/$File/NOVIEMBRE++2025.pdf | E8: http://www.cegaipslp.org.mx/HV2025.nsf/nombre_de_la_vista/9E940F61B3382B9106258D5D00220990/$File/058+CONTRATO++RETRO2+etapa+tiara-2025.pdf
A9: 6 | B9: MC/DSM/FFM/059/2025 | C9: http://www.cegaipslp.org.mx/HV2025.nsf/nombre_de_la_vista/3548F7FB7B2EE0D206258D5D002022CE/$File/NOVIEMBRE++2025.pdf | D9: http://www.cegaipslp.org.mx/HV2025.nsf/nombre_de_la_vista/3548F7FB7B2EE0D206258D5D002022CE/$File/NOVIEMBRE++2025.pdf | E9: http://www.cegaipslp.org.mx/HV2025.nsf/nombre_de_la_vista/DD30CE350468434C06258D5D0022209F/$File/059+CONTRATO+PROM+Y+DIF.+TUR+XANTOLO+corr.pdf
A10: 7 | B10: MC/DSM/FISM/060/2025 | C10: http://www.cegaipslp.org.mx/HV2025.nsf/nombre_de_la_vista/3548F7FB7B2EE0D206258D5D002022CE/$File/NOVIEMBRE++2025.pdf | D10: http://www.cegaipslp.org.mx/HV2025.nsf/nombre_de_la_vista/3548F7FB7B2EE0D206258D5D002022CE/$File/NOVIEMBRE++2025.pdf | E10: http://www.cegaipslp.org.mx/HV2025.nsf/nombre_de_la_vista/927F7758F0121A3506258D5D00222C94/$File/060+CONTRATO+AULA+SAN+ISISRO+EDGAR.pdf
A11: 8 | B11: MC/DSM/FFM/061/2025 | C11: http://www.cegaipslp.org.mx/HV2025.nsf/nombre_de_la_vista/3548F7FB7B2EE0D206258D5D002022CE/$File/NOVIEMBRE++2025.pdf | D11: http://www.cegaipslp.org.mx/HV2025.nsf/nombre_de_la_vista/3548F7FB7B2EE0D206258D5D002022CE/$File/NOVIEMBRE++2025.pdf | E11: http://www.cegaipslp.org.mx/HV2025.nsf/nombre_de_la_vista/4774E9C5ACAC498806258D5D002237B6/$File/061.+ADQ.+MATERIAL+ELEC+FOTOCELDAS+ILUMINACION+COVARRUBIAS+(1).pdf

Sheet Hoja1
